 Dungeon Crawl Stone Soup version 0.29.1-13-g9f3cf754e1 (webtiles) character file.

Game seed: 1035716272649657330

65784 bjubeck the Warrior (level 14, 0/140 HPs)
             Began as a Minotaur Fighter on Jan 31, 2023.
             Was a High Priest of Makhleb.
             Slain by a manticore (3 damage)
             ... on level 2 of the Shoals on Feb 1, 2023.
             The game lasted 01:45:28 (21039 turns).

bjubeck the Warrior (Minotaur Fighter)             Turns: 21039, Time: 01:45:28

Health: 0/140      AC: 18    Str: 38    XL:     14   Next: 76%
Magic:  20/20      EV: 16    Int:  5    God:    Makhleb [*****.]
Gold:   1638       SH: 11    Dex: 14    Spells: 13/13 levels left

rFire   . . .      SeeInvis .   v - +9 long sword "Tormentor" {speed, Dex+4}
rCold   . . .      Faith    .   c - +0 buckler
rNeg    . . .      Spirit   .   Z - +4 ring mail {rPois}
rPois   +          Reflect  +   (helmet restricted)
rElec   .          Harm     .   E - +2 cloak
rCorr   .          Rampage  .   w - +0 pair of gloves
Will    +....                   D - +0 pair of boots
Stlth   +.........              I - amulet of reflection
HPRegen 0.33/turn               L - +6 ring of strength
MPRegen 0.17/turn               K - +6 ring of strength

@: engulfed (cannot breathe), mesmerised, very slow
A: horns 2, retaliatory headbutt
a: Renounce Religion, Minor Destruction, Lesser Servant of Makhleb, Major
Destruction, Greater Servant of Makhleb


You were on level 2 of the Shoals.
You worshipped Makhleb.
Makhleb was extremely pleased with you.
You visited 5 branches of the dungeon, and saw 19 of its levels.

You collected 1720 gold pieces.
You spent 82 gold pieces at shops.

Inventory:

Hand Weapons
 v - the +9 long sword "Tormentor" (weapon) {speed, Dex+4}
   (You found it on level 3 of the Dungeon)

   Attacks with this weapon are significantly faster.
   Dex:       It affects your dexterity (+4).
 B - a +1 long sword of holy wrath
 N - a +2 war axe of freezing
 P - a +5 rapier of flaming
 T - a +2 longbow of flaming
Missiles
 V - 3 throwing nets (quivered)
Armour
 c - a +0 buckler (worn)
 w - a +0 pair of gloves (worn)
 y - the +3 chain mail of the Kettle-Drum {Fly}
   (You found it on level 4 of the Dungeon)

   Fly:       It grants you flight.
 D - a +0 pair of boots (worn)
 E - a +2 cloak (worn)
 H - a +0 pair of gloves
 Z - a +4 ring mail of poison resistance (worn)
Jewellery
 k - a +4 ring of protection
 F - a ring of resist corrosion
 I - an amulet of reflection (around neck)
 K - a +6 ring of strength (right hand)
 L - a +6 ring of strength (left hand)
Wands
 a - a wand of paralysis (12)
 q - a wand of iceblast (18)
 z - a wand of mindburst (10)
 J - a wand of flame (10)
Scrolls
 e - 12 scrolls of identify
 f - 3 scrolls of fog {unknown}
 h - a scroll of brand weapon {unknown}
 j - 4 scrolls of magic mapping
 n - a scroll of blinking {unknown}
 p - a scroll of immolation {unknown}
 r - 4 scrolls of enchant weapon
 s - 4 scrolls of fear {unknown}
 t - 3 scrolls of amnesia {unknown}
 u - 2 scrolls of summoning {unknown}
 x - 3 scrolls of vulnerability {unknown}
 A - a scroll of torment {unknown}
 C - 4 scrolls of enchant armour
 Q - 2 scrolls of teleportation {unknown}
 U - 2 scrolls of acquirement {unknown}
 W - a scroll of silence {unknown}
 X - a scroll of noise {unknown}
Potions
 b - 2 potions of invisibility
 d - 3 potions of might
 g - 6 potions of flight
 i - a potion of heal wounds
 l - 2 potions of ambrosia {unknown}
 m - 3 potions of magic {unknown}
 o - 5 potions of curing
 G - 2 potions of cancellation {unknown}
 O - 2 potions of lignification {unknown}
 R - a potion of mutation {unknown}
 S - a potion of brilliance {unknown}
Miscellaneous
 Y - a condenser vane


   Skills:
 * Level 17.0 Fighting
 - Level 0.3(9.5) Short Blades
 + Level 15.9 Long Blades
 - Level 4.1 Axes
 + Level 12.4 Armour
 * Level 10.7 Dodging
 - Level 0.2 Stealth
 + Level 8.7 Shields
 * Level 9.4 Invocations
 - Level 0.1 Evocations


You had 13 spell levels left.
You didn't know any spells.
Your spell library contained the following spells:

 Spells                   Type           Power      Damage    Failure   Level
 Necrotise                Necr           0%         1d4       63%         1
 Sandblast                Erth           0%         2d4       63%         1
 Passwall                 Tmut/Erth      0%         N/A       77%         2
 Sublimation of Blood     Necr           0%         N/A       77%         2
 Gell's Gravitas          Tloc           0%         N/A       94%         3
 Lesser Beckoning         Tloc           0%         N/A       94%         3
 Stone Arrow              Conj/Erth      0%         3d7       94%         3
 Teleport Other           Tloc           0%         N/A       94%         3
 Passage of Golubria      Tloc           0%         N/A       100%        4
 Petrify                  Tmut/Erth      0%         N/A       100%        4
 Summon Ice Beast         Ice/Summ       0%         N/A       100%        4
 Irradiate                Conj/Tmut      0%         3d11      100%        5
 Iskenderun's Battlesphe  Conj           0%         2d6       100%        5
 Lightning Bolt           Conj/Air       0%         1d11      100%        5
 Summon Mana Viper        Hex/Summ       0%         N/A       100%        5
 Monstrous Menagerie      Summ           0%         N/A       100%        7


Dungeon Overview and Level Annotations

Branches:
Dungeon (12/15)            Temple (1/1) D:6            Lair (2/5) D:11
 Shoals (2/4) Lair:2       Spider (0/4) Lair:2          Orc (2/2) D:9
    Elf (0/3) Orc:2

Altars:
Ashenzari
Cheibriados
Dithmenos
Elyvilon
Fedhas
Gozag
Hepliaklqana
Kikubaaqudgha
Makhleb
Nemelex Xobeh
Okawaru
Qazlal
Ru
Sif Muna
Trog
Uskayaw
Vehumet
Wu Jian
Xom
Yredelemnul
Zin
The Shining One

Shops:
D:8 *   D:9 =   Orc:2 ***=


Innate Abilities, Weirdness & Mutations

You have a pair of horns on your head.
You reflexively headbutt those who attack you in melee.


Message History

You block the harpy's attack.
Your ynoxinul barely misses the harpy.
The water elemental hits you.
The manticore bites you but does no damage.
The manticore claws you but does no damage.
The manticore claws you!
* * * LOW HITPOINT WARNING * * *
The merfolk avatar chants its luring song.
A demon appears!
The harpy barely misses you. The harpy claws you but does no damage.
The harpy barely misses your ynoxinul. The harpy closely misses your ynoxinul.
The harpy closely misses you. The harpy claws you.
* * * LOW HITPOINT WARNING * * *
Your ynoxinul hits the harpy! You block the harpy's attack.
The harpy closely misses you. x2; You furiously retaliate!
You headbutt the harpy! The harpy closely misses you.
You block the harpy's attack. The harpy misses you.
The water nymph points at you and mumbles some strange words.
The water swirls and strikes you!!
* * * LOW HITPOINT WARNING * * *
You block the water elemental's attack. The manticore closely misses you.
The manticore barely misses you. The manticore closely misses you.
The cyclops closely misses you.
The merfolk avatar chants its luring song.
You feel much better. The harpy claws you.
* * * LOW HITPOINT WARNING * * *
The harpy closely misses you. The harpy claws you but does no damage.
You block the harpy's attack. The harpy barely misses you.
You furiously retaliate!
You headbutt the harpy!! You block the harpy's attack.
The harpy closely misses you. You furiously retaliate!
You headbutt the harpy. The harpy closely misses you.
The water nymph casts a spell at you. The water swirls and strikes you!
* * * LOW HITPOINT WARNING * * *
The water elemental hits you!
* * * LOW HITPOINT WARNING * * *
The water elemental engulfs you in water!
The manticore closely misses you. You furiously retaliate!
You headbutt the manticore! The manticore barely misses you.
The manticore claws you.
You die...

.........###....# ..
...######.##....## .....
..## #........##.....
...######.............~~
..........~~.~~~.......~
~≈.>....!...".~~~......~
.≈≈...........~~~~~~...~
.....##......~3HE~~...~~
≈....##.~~~~~~HH@Hm~~~~~
≈.......~~..~~†CHm4~~~~~
~^..~~..~≈...~~~≈≈≈≈≈~~~
~..~≈≈~..###.≈≈≈≈≈≈≈≈≈≈≈
.~~~≈~~~.# #~≈≈≈≈≈≈≈≈~~≈
#..~≈≈YYY~..~~
...~~~~c..!...~
≈~.~~~~~..###..


You could see a merfolk avatar (mesmerising), a faun, a manticore, a cyclops, a
water elemental, a water nymph, 4 harpies, 3 dream sheep, a friendly hellwing
(summoned) and a friendly ynoxinul (summoned).

Vanquished Creatures
  An orc warlord (Orc:1)
  Nessos (D:12)
  Josephine (Orc:2)
  A merfolk impaler (Shoals:1)
  Harold (D:9)
  Erolcha (D:11)
  2 hydras
  A boulder beetle (Orc:2)
  A merfolk avatar (Shoals:1)
  4 ogre magi (Orc:2)
  20 two-headed ogres
  3 death yaks (Lair:2)
  Urug (D:10)
  Nergalle (D:11)
  An orc high priest (Orc:1)
  Amaemon (D:9)
  5 sea snakes (Shoals:1)
  2 orc knights (Orc:1)
  4 harpies
  An oklob plant (D:11)
  A manticore (D:11)
  4 orc sorcerers
  6 fauns
  A black mamba (Lair:2)
  Maurice (D:10)
  Joseph (D:7)
  2 merfolk sirens (Shoals:1)
  A gargoyle (D:11)
  2 torpor snails (Lair:1)
  3 cane toads
  A water nymph (Shoals:1)
  An orange demon (D:9)
  2 rime drakes (Lair:1)
  A komodo dragon (Lair:2)
  Psyche (D:10)
  3 kobold demonologists
  2 trolls
  7 merfolk (Shoals:1)
  A hornet (D:9)
  2 wind drakes (Shoals:1)
  A polar bear (Lair:2)
  2 snapping turtles
  3 slime creatures (D:12)
  8 blink frogs (Lair:1)
  4 dream sheep (Shoals:1)
  A vampire (D:12)
  3 water elementals (Shoals:1)
  Eustachio (D:5)
  7 wraiths
  30 yaks
  Grum (D:8)
  A wyvern (D:9)
  8 vampire mosquitoes (D:12)
  Edmund (D:5)
  2 wargs
  4 acid dragons
  9 water moccasins
  A black bear (D:6)
  2 ice beasts
  A sky beast (D:6)
  20 orc warriors
  28 ogres
  4 wolves (D:8)
  4 centaurs
  5 kobold brigands
  10 bullfrogs
  A gnoll sergeant (D:12)
  A necrophage (D:4)
  5 scorpions
  9 wights (D:7)
  8 killer bees (D:9)
  3 hounds
  A gnoll bouda (D:5)
  Crazy Yiuf (D:4)
  15 orc priests
  5 jellies
  5 iguanas
  27 orc wizards
  6 adders
  6 gnolls
  A white imp (D:6)
  An ufetubus (D:6)
  A worm (D:12)
  A dart slug (D:2)
  63 orcs
  7 ball pythons
  7 endoplasms
  4 giant cockroaches
  3 goblins
  11 hobgoblins
  19 kobolds
  A quokka (D:3)
  2 bats
  A frilled lizard (D:3)
  9 rats
  A plant (D:11)
482 creatures vanquished.

Vanquished Creatures (collateral kills)
  A faun (Shoals:1)
  A manticore (Shoals:1)
  A cyclops (Shoals:1)
  A merfolk siren (Shoals:1)
  2 kobold demonologists (D:12)
  A kobold brigand (D:12)
  2 orc priests (Orc:1)
  2 kobolds (D:12)
11 creatures vanquished.

Vanquished Creatures (others)
  A gnoll (D:12)
  6 fungi
  44 plants
51 creatures vanquished.

Grand Total: 544 creatures vanquished

Notes
Turn   | Place    | Note
-------+----------+-------------------------------------------
     0 | D:1      | bjubeck the Minotaur Fighter began the quest for the Orb.
     0 | D:1      | Reached XP level 1. HP: 19/19 MP: 0/0
    32 | D:1      | Found a faded altar of an unknown god.
   142 | D:1      | Reached XP level 2. HP: 27/27 MP: 1/1
   211 | D:1      | Reached skill level 4 in Fighting
   898 | D:2      | Reached XP level 3. HP: 28/33 MP: 2/2
  1415 | D:3      | Reached XP level 4. HP: 39/41 MP: 3/3
  1555 | D:3      | Reached skill level 1 in Dodging
  1751 | D:3      | Identified the +9 long sword "Tormentor" {speed, Dex+4}
  2058 | D:3      | Found a blossoming altar of Fedhas.
  2059 | D:3      | Found a white marble altar of Elyvilon.
  2409 | D:4      | Noticed a necrophage
  2417 | D:4      | Killed a necrophage
  2418 | D:4      | Reached skill level 5 in Fighting
  2418 | D:4      | Reached skill level 1 in Long Blades
  2418 | D:4      | Reached XP level 5. HP: 48/48 MP: 4/4
  2560 | D:4      | Identified the +3 chain mail of the Kettle-Drum {Fly}
  2716 | D:4      | Reached XP level 6. HP: 56/56 MP: 5/5
  2754 | D:4      | Found a runed translucent door.
  2755 | D:4      | Noticed Crazy Yiuf
  2914 | D:4      | Reached skill level 5 in Armour
  3043 | D:4      | Found a sparkling altar of Nemelex Xobeh.
  3220 | D:4      | Killed Crazy Yiuf
  3314 | D:5      | Entered Level 5 of the Dungeon
  3392 | D:5      | Reached XP level 7. HP: 35/62 MP: 6/6
  3399 | D:5      | Identified the +3 scale mail "Neteqoju" {rF+}
  3578 | D:4      | Reached skill level 5 in Long Blades
  3607 | D:5      | Reached skill level 6 in Fighting
  3781 | D:5      | Noticed Edmund
  3791 | D:5      | Killed Edmund
  3918 | D:5      | Reached XP level 8. HP: 67/70 MP: 7/7
  4350 | D:5      | Noticed Eustachio
  4358 | D:5      | Killed Eustachio
  4789 | D:6      | Found a snail-covered altar of Cheibriados.
  4920 | D:6      | Found a staircase to the Ecumenical Temple.
  4936 | Temple   | Entered the Ecumenical Temple
  5039 | Temple   | Became a worshipper of Makhleb the Destroyer
  5470 | D:6      | Reached skill level 7 in Fighting
  5470 | D:6      | Reached skill level 1 in Invocations
  5952 | D:7      | Reached XP level 9. HP: 79/79 MP: 9/9
  6126 | D:7      | Found an opulent altar of Gozag.
  6159 | D:7      | Reached * piety under Makhleb
  6229 | D:7      | Found a burning altar of Makhleb.
  6279 | D:7      | Noticed Joseph
  6298 | D:7      | Paralysed by Joseph for 5 turns
  6304 | D:7      | Killed Joseph
  6773 | D:7      | Reached skill level 10 in Long Blades
  6983 | D:8      | Reached skill level 8 in Fighting
  7134 | D:8      | Noticed Grum
  7145 | D:8      | Killed Grum
  7296 | D:8      | Reached skill level 5 in Dodging
  7296 | D:8      | Reached XP level 10. HP: 90/90 MP: 11/11
  7309 | D:8      | Found Oryst's General Store.
  7322 | D:8      | Bought a scroll of identify for 30 gold pieces
  7351 | D:8      | Found a radiant altar of Vehumet.
  7364 | D:8      | Found an ancient bone altar of Kikubaaqudgha.
  7365 | D:8      | Reached ** piety under Makhleb
  7376 | D:8      | Got Kikubaaqudgha's Spellbook of Gloom
  7386 | D:8      | Found a shimmering blue altar of Sif Muna.
  8075 | D:9      | Found Teihid's Jewellery Shop.
  8119 | D:9      | Found a shadowy altar of Dithmenos.
  8420 | D:9      | Noticed a two-headed ogre
  8432 | D:9      | Killed a two-headed ogre
  8433 | D:9      | Reached skill level 9 in Fighting
  8498 | D:9      | Noticed Harold
  8527 | D:9      | Killed Harold
  8555 | D:9      | Reached *** piety under Makhleb
  8663 | D:9      | Found a staircase to the Orcish Mines.
  8882 | D:9      | Noticed Amaemon
  8891 | D:9      | Killed Amaemon
  8962 | D:9      | Noticed an orange demon
  9139 | D:9      | Reached skill level 10 in Fighting
  9145 | D:9      | Reached skill level 5 in Invocations
  9149 | D:9      | Reached XP level 11. HP: 97/99 MP: 13/13
  9477 | Orc:1    | Entered Level 1 of the Orcish Mines
  9486 | Orc:1    | Noticed an orc sorcerer
  9494 | Orc:1    | Paralysed by an orc sorcerer for 4 turns
  9505 | Orc:1    | Killed an orc sorcerer
  9723 | Orc:1    | Noticed an orc warlord
  9746 | Orc:1    | HP: 5/101 [orc warrior/bolt (3)]
  9749 | Orc:1    | HP: 2/101 [orc warrior/bolt (4)]
 10430 | D:10     | Entered Level 10 of the Dungeon
 10464 | D:10     | Noticed a two-headed ogre
 10473 | D:10     | Killed a two-headed ogre
 10669 | D:10     | Noticed Psyche
 10675 | D:10     | Killed Psyche
 10862 | D:10     | Reached skill level 11 in Fighting
 10987 | D:10     | Noticed Urug
 11024 | D:10     | Killed Urug
 11118 | D:10     | Reached **** piety under Makhleb
 11229 | D:10     | Noticed Maurice
 11257 | D:10     | Killed Maurice
 11443 | D:11     | Noticed a two-headed ogre
 11450 | D:10     | Killed a two-headed ogre
 11451 | D:10     | Reached skill level 10 in Armour
 11546 | D:11     | Noticed Erolcha
 11564 | D:11     | Killed Erolcha
 11565 | D:11     | Reached XP level 12. HP: 111/111 MP: 15/15
 11577 | D:11     | Reached skill level 5 in Shields
 11835 | D:11     | Found a staircase to the Lair.
 11908 | D:11     | You are sucked into a shaft and drop 1 floor!
 11918 | D:12     | Found a snail-covered altar of Cheibriados.
 12011 | D:12     | Reached skill level 12 in Fighting
 12193 | D:12     | Noticed Nessos
 12221 | D:12     | Killed Nessos
 12632 | D:12     | Noticed a seven-headed hydra
 12632 | D:12     | Noticed a five-headed hydra
 12670 | D:12     | Killed a ten-headed hydra
 12748 | D:11     | Noticed a two-headed ogre
 12758 | D:11     | Killed a two-headed ogre
 12759 | D:11     | Noticed Nergalle
 12779 | D:11     | Killed Nergalle
 13425 | Orc:1    | Killed an orc warlord
 13898 | Orc:1    | Reached skill level 13 in Fighting
 14331 | Orc:1    | Noticed an orc high priest
 14686 | Orc:1    | Killed an orc high priest
 14906 | Orc:2    | Entered Level 2 of the Orcish Mines
 14939 | Orc:2    | Noticed a boulder beetle
 14972 | Orc:2    | Killed a boulder beetle
 15201 | Orc:2    | Found a staircase to the Elven Halls.
 15222 | Orc:2    | Noticed a two-headed ogre
 15222 | Orc:2    | Noticed an ogre mage
 15222 | Orc:2    | Noticed a two-headed ogre
 15222 | Orc:2    | Noticed a two-headed ogre
 15222 | Orc:2    | Noticed an ogre mage
 15233 | Orc:2    | Reached XP level 13. HP: 122/122 MP: 17/17
 15277 | Orc:2    | Reached ***** piety under Makhleb
 15297 | Orc:2    | Reached skill level 14 in Fighting
 15310 | Orc:2    | Noticed Josephine
 15332 | Orc:2    | Killed Josephine
 15407 | Orc:2    | Reached skill level 15 in Long Blades
 15454 | Orc:2    | Reached skill level 15 in Fighting
 15777 | Orc:2    | Found Wokheuk's Assorted Antiques.
 15777 | Orc:2    | Found Qyludud's Assorted Antiques.
 15778 | Orc:2    | Found Uddaot's Assorted Antiques.
 15778 | Orc:2    | Found Zofapuj's Jewellery Shop.
 15789 | Orc:2    | Bought a scroll of identify for 52 gold pieces
 16799 | Lair:1   | Entered Level 1 of the Lair of Beasts
 16898 | Lair:1   | Got Jyej's Almanac of Dislocation and Concussion
 17048 | Lair:1   | Identified the +4 chain mail of Heago {Regen+ Str+6}
 17129 | Lair:1   | Found a snail-covered altar of Cheibriados.
 17160 | Lair:1   | Reached XP level 14. HP: 135/135 MP: 19/19
 17433 | Lair:1   | Reached skill level 10 in Dodging
 18277 | Lair:2   | Found a staircase to the Shoals.
 18292 | Lair:2   | Reached skill level 16 in Fighting
 18369 | Lair:2   | Found a hole to the Spider Nest.
 18749 | Shoals:1 | Entered Level 1 of the Shoals
 20997 | Shoals:2 | Reached skill level 17 in Fighting
 21038 | Shoals:2 | HP: 2/140 [water nymph/the raging water (33)]
 21039 | Shoals:2 | Slain by a manticore

Illustrated notes

Levels and vault maps discovered:
D:1:      erik_arrival_blinker_ship, layout_loops_ring, basic_ecumenical_altar,
          glass_columns_c, serial_bayou_ford_a, nrook_uturn
D:2:      layout_rooms, minmay_misc_feat_roman,
          hangedman_abyss_or_decor_lesser_grid
D:3:      layout_basic, mainiacjoe_overflow_catwalk_spiral
D:4:      layout_gridville, nemelex_dance_club_becter, uniq_crazy_yiuf_cottage
D:5:      layout_basic, minmay_fractal_squares_5, uniq_eustachio, uniq_edmund
D:6:      layout_loops_corners, nicolae_overflow_crystal_walls,
          minmay_temple_entry_stoned_glass
D:7:      layout_basic, hangedman_feature_mirror, uniq_joseph
D:8:      layout_loops_cross, palyth_temple_overflow_mages, serial_shops, shop,
          lemuel_flame_loot_1, uniq_grum
D:9:      layout_roguey, mainiacjoe_overflow_boulevard, david_orc_3,
          serial_shops, shop, grunt_ogre_cave, feat_on_display, uniq_amaemon,
          uniq_harold
D:10:     layout_rooms, kennysheep_windowed_goal, uniq_psyche, uniq_urug,
          uniq_maurice
D:11:     layout_basic, dpeg_oklobed_lair, uniq_nergalle, uniq_erolcha
D:12:     layout_basic, chequers_serial_rivers_micro_a, minivault_25,
          hangedman_abyss_or_decor_clamps, slow_altar_2, uniq_nessos
Temple:   nicolae_temple_superstar
Lair:1:   layout_chaotic_city, st_stairs_6, minivault_11,
          kennysheep_snail_temple, infiniplex_staircase_pool
Lair:2:   layout_roguey, minmay_shoals_entry_hut, dummy_spider_entry,
          grunt_megastairs_4
Shoals:1: layout_shoals
Shoals:2: layout_shoals, serial_shops, nicolae_take_the_stairs, uniq_ilsuiw
Orc:1:    orc_temple, layout_caves
Orc:2:    st_orc_ogre_mass, layout_diamond_mine, rock_pile, uniq_josephine

Skill      XL: |  1  2  3  4  5  6  7  8  9 10 11 12 13 14 |
---------------+-------------------------------------------+-----
Fighting       | 4 5 6 7 8 10 11 13 15 17 | 17.0
Armour         | 4 5 6 8 9 10 11 12 | 12.4
Axes           | 3 4 |  4.1
Dodging        | 1 2 3 5 6 7 8 9 10 | 10.7
Long Blades    | 1 2 4 7 9 10 12 13 14 15 | 15.9
Shields        | 4 6 7 8 |  8.7
Invocations    | 1 3 5 6 7 8 9 |  9.4
Short Blades   | |  0.3
Stealth        | |  0.2
Evocations     | |  0.1

Action                   |  1- 3 |  4- 6 |  7- 9 | 10-12 | 13-15 || total
-------------------------+-------+-------+-------+-------+-------++-------
Melee: War axe           |    66 |    30 |       |       |       ||    96
       Headbutt          |    12 |    11 |    44 |   144 |   167 ||   378
       Long sword        |       |    54 |   222 |   639 |   613 ||  1528
       Rapier            |       |       |       |       |    21 ||    21
Invok: Lesser Servant of |       |       |       |     4 |     8 ||    12
Evoke: Wand              |       |       |       |     4 |       ||     4
  Use: Scroll            |       |       |       |       |     8 ||     8
       Potion            |       |       |       |       |     6 ||     6
Armor: Scale mail        |    29 |    19 |       |       |       ||    48
       Chain mail        |       |     6 |    66 |   154 |    59 ||   285
       Ring mail         |       |       |       |       |    49 ||    49
Dodge: Dodged            |    28 |    19 |    53 |   190 |   207 ||   497
Block: Buckler           |    15 |    16 |    61 |   200 |   177 ||   469
       Reflection        |       |       |     2 |    22 |     6 ||    30
